 Dungeon Crawl Stone Soup version 0.24-a0-177-g4d90231847 (webtiles) character file.

Game seed: 10129435882789247124

172 MirrMurr the Sneak (level 5, 0/24 HPs)
             Began as a Spriggan Enchanter on Mar 13, 2019.
             Slain by Grinder (2 damage)
             ... on level 3 of the Dungeon.
             The game lasted 00:07:20 (3744 turns).

MirrMurr the Sneak (Spriggan Enchanter)             Turns: 3744, Time: 00:07:21

Health: 0/24       AC:  3    Str:  5    XL:     5   Next: 27%
Magic:  8/10       EV: 18    Int: 17    God:
Gold:   152        SH:  0    Dex: 16    Spells: 3/9 levels left

rFire    . . .     SeeInvis +   a - +1 dagger
rCold    . . .     Gourm    .   (shield restricted)
rNeg     . . .     Faith    .   b - +0 robe
rPois    .         Spirit   .   (helmet restricted)
rElec    .         Reflect  .   e - +0 cloak
rCorr    .         Harm     .   (gloves unavailable)
MR       .....                  (boots unavailable)
Stlth    ++++......             (no amulet)
HPRegen  0.08/turn              (no ring)
MPRegen  0.12/turn              (no ring)

@: very quick
A: very small, unfitting armour, see invisible, herbivore, speed 3, slow
metabolism 2
a: no special abilities


You were on level 3 of the Dungeon.
You were not hungry.

You visited 1 branch of the dungeon, and saw 3 of its levels.

You collected 152 gold pieces.

Inventory:

Hand Weapons
 a - a +1 dagger (weapon)
 h - a +0 hunting sling
Missiles
 n - 41 sling bullets
 q - 61 stones (quivered)
Armour
 b - a +0 robe (worn)
 e - a +0 cloak (worn)
Scrolls
 f - a scroll of random uselessness {unknown}
 i - a scroll of amnesia {unknown}
 j - 2 scrolls of blinking {unknown}
 l - a scroll of fear {unknown}
 m - 2 scrolls of identify {unknown}
 o - a scroll of noise {unknown}
 p - a scroll of teleportation {unknown}
 r - a scroll of remove curse {unknown}
Potions
 d - 2 potions of curing {unknown}
 g - 2 potions of might {unknown}
 k - 2 potions of mutation {unknown}


   Skills:
 + Level 4.0 Short Blades
 - Level 3.0 Dodging
 + Level 7.3 Stealth
 - Level 2.6 Spellcasting
 - Level 3.6 Hexes


You had 3 spell levels left.
You knew the following spells:

 Your Spells              Type           Power        Failure   Level  Hunger
a - Ensorcelled Hibernat  Hex/Ice        #.....       13%         2    ##.....
b - Confuse               Hex            ##......     12%         3    ###....
C - Corona                Hex            ##.....      4%          1    #......

Your spell library contained the following spells:

 Spells                   Type           Power        Failure   Level  Hunger
 Tukima's Dance           Hex            ##......     12%         3    ###....
 Dazzling Spray           Conj/Hex       #.....       26%         3    ###....


Dungeon Overview and Level Annotations

Branches:
Dungeon (3/15)

Altars:
Makhleb
Nemelex Xobeh

Annotations:
D:3 Grinder


Innate Abilities, Weirdness & Mutations

You are very small and have problems with some larger weapons.
You are too small for most types of armour.
You have supernaturally acute eyesight. (SInv)
You are a herbivore.
You cover ground extremely quickly.
You need to consume almost no food.


Message History

You barely miss Grinder. Grinder hits you.
You writhe in agony.
You hit Grinder.
Grinder is lightly wounded.
Grinder barely misses you.
You hit Grinder.
Grinder is lightly wounded.
You hit Grinder but do no damage.
Grinder is lightly wounded.
Grinder misses you.
You hit Grinder but do no damage.
Grinder is lightly wounded.
You catch the helpless Grinder completely off-guard!
You impale Grinder!!
Grinder is heavily wounded.
You hit Grinder but do no damage.
Grinder is heavily wounded.
Grinder hits you!
* * * LOW HITPOINT WARNING * * *
You writhe in agony.
You die...

#.############
......5@.....#
...#########.##
#. #.####.....#
#. ...........#
#.
...........####
#.
####.#.........
.. #.#.....####
#. #......## #.
#.###..# #.


You could see Grinder (confused).

Vanquished Creatures
  Crazy Yiuf (D:2)
  An orc priest (D:2)
  4 gnolls (D:2)
  2 adders (D:2)
  An ooze (D:2)
  A worm (D:2)
  A dart slug (D:1)
  4 leopard geckos
  2 orcs (D:2)
  A ball python (D:3)
  7 goblins
  8 hobgoblins
  A quokka (D:2)
  3 bats
  5 frilled lizards
  2 kobolds (D:2)
  5 rats
49 creatures vanquished.

Notes
Turn   | Place    | Note
-------+----------+-------------------------------------------
     0 | D:1      | MirrMurr the Spriggan Enchanter began the quest for the
                  | Orb.
     0 | D:1      | Reached XP level 1. HP: 9/9 MP: 5/5
   472 | D:1      | Reached skill level 5 in Stealth
   472 | D:1      | Reached XP level 2. HP: 6/13 MP: 4/6
   476 | D:1      | Learned a level 2 spell: Ensorcelled Hibernation
  1208 | D:2      | Reached XP level 3. HP: 16/16 MP: 5/8
  1592 | D:2      | Found a burning altar of Makhleb.
  1689 | D:2      | Learned a level 3 spell: Confuse
  2183 | D:2      | Reached skill level 6 in Stealth
  2654 | D:2      | Reached XP level 4. HP: 15/21 MP: 6/9
  3050 | D:2      | Found a runed translucent door.
  3051 | D:2      | Noticed Crazy Yiuf
  3413 | D:2      | Reached skill level 7 in Stealth
  3413 | D:2      | Reached XP level 5. HP: 24/24 MP: 0/10
  3640 | D:2      | Killed Crazy Yiuf
  3670 | D:3      | Found a sparkling altar of Nemelex Xobeh.
  3729 | D:3      | Noticed Grinder
  3744 | D:3      | Slain by Grinder

Levels and vault maps discovered:
D:1:      scummos_arrival_checkerplants, layout_loops_cross,
          minmay_misc_feat_encased, roderic_serpentine_path
D:2:      layout_basic, lemuel_round_altar, uniq_crazy_yiuf_cottage
D:3:      layout_loops_ring, nemelex_xobeh_ov_fountains_minmay,
          okawaru_gym_becter, uniq_grinder, uniq_sigmund, uniq_ijyb, uniq_robin

Skill      XL: |  1  2  3  4  5 |
---------------+----------------+-----
Stealth        | 5 6 7 |  7.3
Short Blades   | 2 3 4 |  4.0
Dodging        | |  3.0
Spellcasting   | |  2.6
Hexes          | |  3.6

Action                   |  1- 3 |  4- 6 || total
-------------------------+-------+-------++-------
Melee: Dagger            |   175 |    43 ||   218
 Cast: Corona            |     6 |       ||     6
       Ensorcelled Hiber |    12 |    15 ||    27
       Confuse           |       |     4 ||     4
 Stab: Sleeping          |    12 |     6 ||    18
       Confused          |       |     2 ||     2
  Eat: Ration            |       |     2 ||     2
Armor: Robe              |    12 |     2 ||    14
Dodge: Dodged            |   144 |    26 ||   170

Table legend:
 A = Non-vault XP
 B = Vault XP
 C = Vault XP percentage of total XP
 D = Non-vault monster count
 E = Vault monster count
 F = Vault count percentage of total count
                 A         B        C        D         E       F
            +---------+---------+-------+---------+---------+-------
      Total |     204 |      42 |  17.1 |      48 |       1 |   2.0
            +---------+---------+-------+---------+---------+-------
        D:1 |      29 |       0 |   0.0 |      15 |       0 |   0.0
        D:2 |     171 |      42 |  19.7 |      30 |       1 |   3.2
        D:3 |       4 |       0 |   0.0 |       3 |       0 |   0.0
            +---------+---------+-------+---------+---------+-------
